 Dungeon Crawl Stone Soup version 0.30-a0-142-g7370640ec8 (webtiles) character file.

Game seed: 9357405041456978245

4 Aibolit the Sneak (level 1, -1/18 HPs)
             Began as a Hill Orc Brigand on Sept 26, 2022.
             Killed from afar by a dart slug (2 damage)
             ... with a slug dart
             ... on level 1 of the Dungeon.
             The game lasted 00:00:49 (75 turns).

Aibolit the Sneak (Hill Orc Brigand)                  Turns: 75, Time: 00:00:50

Health: -1/18      AC:  3    Str: 13    XL:     1   Next: 70%
Magic:  1/1        EV: 11    Int: 11    God:
Gold:   0          SH:  0    Dex: 12    Spells: 0/0 levels left

rFire   . . .      SeeInvis .    a - +2 dagger
rCold   . . .      Faith    .    (no shield)
rNeg    . . .      Spirit   .    b - +0 robe
rPois   .          Reflect  .    (no helmet)
rElec   .          Harm     .    c - +0 cloak
rCorr   .          Rampage  .    (no gloves)
Will    .....                    (no boots)
Stlth   ++........               (no amulet)
HPRegen 0.06/turn                (no ring)
MPRegen 0.07/turn                (no ring)

@: no status effects
A: no striking features
a: no special abilities


You were on level 1 of the Dungeon.
You visited 1 branch of the dungeon, and saw 1 of its levels.

Inventory:

Hand Weapons
 a - a +2 dagger (weapon)
Missiles
 d - 9 poisoned darts (quivered)
 e - 2 curare-tipped darts
Armour
 b - a +0 robe (worn)
 c - a +0 cloak (worn)
Scrolls
 f - a scroll of magic mapping {unknown}


   Skills:
 + Level 2.4 Fighting
 + Level 2.0 Short Blades
 + Level 1.8 Throwing
 + Level 0.9 Dodging
 + Level 3.4 Stealth


You couldn't memorise any spells.
You didn't know any spells.
Your spell library was empty.

Dungeon Overview and Level Annotations

Branches:
Dungeon (1/15)

Altars:


Message History

An endoplasm and a rat come into view.
A dart slug, a goblin and a ball python come into view.
The ball python hisses angrily.
The rat misses you.
You closely miss the rat. The rat bites you.
You hit the rat.
You kill the rat!
The ball python bites you. The ball python barely misses you.
The dart slug launches a dart at you.
The slug dart hits you but does no damage.
You closely miss the ball python. The ball python bites you.
The ball python grabs you. The ball python constricts you.
The dart slug launches a dart at you. The slug dart hits you.
You hit the ball python.
The ball python is heavily wounded.
The ball python bites you. The ball python constricts you.
You hit the ball python.
You kill the ball python!
The dart slug launches a dart at you. The slug dart hits you.
* * * LOW HITPOINT WARNING * * *
You are too injured to fight recklessly!
You are too injured to fight recklessly!
You are too injured to fight recklessly!
You are too injured to fight recklessly!
You are too injured to fight recklessly!
The dart slug launches a dart at you. The slug dart hits you.
* * * LOW HITPOINT WARNING * * *
You hit the dart slug.
The dart slug is moderately wounded.
The dart slug barely misses you.
You hit the dart slug but do no damage.
The dart slug is moderately wounded.
You hit the dart slug.
The dart slug is heavily wounded.
The dart slug launches a dart at you. The slug dart hits you.
You die...

## .. #.##
#####..##
#.......########
#...............
#...w..........#
###...@..........#
#........[.......#
#...............J#
#................#
#.......†........#
#................#
#........#........
#........####.....
#.........# ..g..


You could see a dart slug.

Vanquished Creatures
  2 ball pythons (D:1)
  A hobgoblin (D:1)
  A rat (D:1)
4 creatures vanquished.

Notes
Turn   | Place    | Note
-------+----------+-------------------------------------------
     0 | D:1      | Aibolit the Hill Orc Brigand began the quest for the Orb.
     0 | D:1      | Reached XP level 1. HP: 18/18 MP: 1/1
     2 | D:1      | Noticed a spriggan
     2 | D:1      | Noticed a felid
     4 | D:1      | Noticed a merfolk
    10 | D:1      | Noticed a draconian
    10 | D:1      | Noticed an octopode
    15 | D:1      | Noticed a minotaur
    15 | D:1      | Noticed a tengu
    17 | D:1      | Noticed a naga
    17 | D:1      | Noticed a vine stalker
    19 | D:1      | Noticed a ghoul
    21 | D:1      | Noticed a formicid
    23 | D:1      | Noticed an elf
    23 | D:1      | Noticed a vampire
    25 | D:1      | Noticed a demigod
    25 | D:1      | Noticed a palentonga
    27 | D:1      | Noticed a demonspawn
    27 | D:1      | Noticed a human
    29 | D:1      | Noticed an ogre
    29 | D:1      | Noticed a meteoran
    31 | D:1      | Noticed a troll
    31 | D:1      | Noticed a vampire
    33 | D:1      | Noticed a ghoul
    33 | D:1      | Noticed a demigod
    75 | D:1      | Killed from afar by a dart slug

Illustrated notes

Levels and vault maps discovered:
D:1:      kb_arrival_jail, layout_basic, chequers_serial_rivers_small_3

Action                   || total
-------------------------++-------
Melee: Dagger            ||    13
Throw: Dart              ||     4
Armor: Robe              ||     4
Dodge: Dodged            ||     7

Table legend: (Time is in decaauts)
 A = Elapsed time spent in this place.
 B = Non-inter-level travel time spent in this place.
 C = Inter-level travel time spent in this place.
 D = Time resting spent in this place.
 E = Time spent auto-exploring this place.
 F = Levels seen in this place.
 G = Mean time per level.
                   A        B        C        D        E       F      G
               +--------+--------+--------+--------+--------+-----+--------+
         Total |     73 |     65 |      8 |      0 |      0 |   1 |   73.0 |
       Dungeon |     73 |     65 |      8 |      0 |      0 |   1 |   73.0 |
               +--------+--------+--------+--------+--------+-----+--------+

Top non-repeatable levels by time:
     D:1: 73 daAuts
